 Dungeon Crawl Stone Soup version 0.23.1 (webtiles) character file.

Game seed: 2213234647679386968

21 Kairos the Shield-Bearer (level 2, -1/16 HPs)
             Began as a Vine Stalker Fighter on Mar 5, 2019.
             Succumbed to an adder's poison
             ... on level 2 of the Dungeon.
             The game lasted 00:00:56 (596 turns).

Kairos the Shield-Bearer (Vine Stalker Fighter)      Turns: 596, Time: 00:00:56

Health: -1/16      AC:  3    Str: 18    XL:     2   Next: 87%
Magic:  1/3        EV:  7    Int:  8    God:
Gold:   14         SH:  9    Dex: 13    Spells: 1/1 levels left

rFire    . . .     SeeInvis .   a - +1 war axe
rCold    . . .     Gourm    .   c - +0 shield
rNeg     . . .     Faith    .   b - +0 scale mail
rPois    .         Spirit   +   (no helmet)
rElec    .         Reflect  .   (no cloak)
rCorr    +         Harm     .   (no gloves)
MR       .....                  (no boots)
Stlth    ..........             (no amulet)
HPRegen  0.05/turn              k - ring of resist corrosion
MPRegen  0.08/turn              (no ring)

@: lethally poisoned (-1 -> -19), very slightly contaminated
A: fangs 2, hooves 1, deformed body, evolution 2, magic shield, antimagic bite,
no potion heal 3, rot immunity
a: no special abilities


You were on level 2 of the Dungeon.
You were not hungry.

You visited 1 branch of the dungeon, and saw 2 of its levels.

You collected 14 gold pieces.

Inventory:

Hand Weapons
 a - a +1 war axe (weapon)
Armour
 b - a +0 scale mail (worn)
 c - a +0 shield (worn)
Jewellery
 k - a ring of resist corrosion (left hand)
Potions
 d - 3 potions of might
Comestibles
 f - 2 rations


   Skills:
 + Level 2.8 Fighting
 + Level 2.0 Axes
 + Level 2.8 Armour
 + Level 2.9 Shields


You had one spell level left.
You didn't know any spells.
Your spell library was empty.

Dungeon Overview and Level Annotations

Branches:
Dungeon (2/15)

Altars:


Innate Abilities, Weirdness & Mutations

You have extremely sharp teeth.
When hurt, damage is shared between your health and your magic reserves.
Your bite disrupts and absorbs the magic of your enemies.
Potions cannot restore your health.
You are immune to rotting.
You have large cloven feet.
Armour fits poorly on your strangely shaped body.
You rapidly evolve.


Message History

The adder is severely wounded.
You barely miss the adder. You closely miss the frilled lizard.
You feel sick. The adder bites you.
* * * LOW HITPOINT WARNING * * *
The adder bites you but does no damage. The frilled lizard bites you.
* * * LOW HITPOINT WARNING * * *
The adder bites you.
* * * LOW HITPOINT WARNING * * *
You are more poisoned.
The adder poisons you! The adder barely misses you.
Magic courses through your body.
* * * LOW HITPOINT WARNING * * *
You feel sick. The frilled lizard closely misses you. The adder bites you.
The adder bites you but does no damage.
Unknown command.
You closely miss the adder. You kick the adder, but do no damage.
Your bite misses the adder.
The adder is severely wounded.
You hit the adder. You miss the frilled lizard.
You die...

........#
........#
.......!#
........###
..........#
#.......#
#....l..#
#...S@..#
#....S..#
#.......#
#.........
#.......###
#......$.
#.......##
....#....


You could see 2 adders and a frilled lizard.

Vanquished Creatures
  An ooze (D:1)
  A dart slug (D:1)
  A leopard gecko (D:1)
  A giant cockroach (D:1)
  A goblin (D:1)
  3 hobgoblins (D:1)
  2 bats (D:1)
  2 frilled lizards (D:1)
  A kobold (D:1)
  2 rats (D:1)
15 creatures vanquished.

Notes
Turn   | Place    | Note
-------+----------+-------------------------------------------
     0 | D:1      | Kairos the Vine Stalker Fighter began the quest for the
                  | Orb.
     0 | D:1      | Reached XP level 1. HP: 11/11 MP: 2/2
    80 | D:1      | Reached XP level 2. HP: 13/16 MP: 1/3
   586 | D:1      | Gained mutation: You evolve. [potion of mutation]
   586 | D:1      | Gained mutation: You rapidly evolve. [potion of mutation]
   586 | D:1      | Gained mutation: Armour fits poorly on your strangely
                  | shaped body. [potion of mutation]
   586 | D:1      | Gained mutation: You have large cloven feet. [potion of
                  | mutation]
   596 | D:2      | Succumbed to an adder's poison

Skill      XL: |  1  2 |
---------------+-------+-----
Axes           | 2 |  2.0
Fighting       | |  2.8
Armour         | |  2.8
Shields        | |  2.9

Action                   || total
-------------------------++-------
Melee: War axe           ||    39
       Bite              ||     6
       Kick              ||     1
  Use: Scroll            ||     5
       Potion            ||     2
Armor: Scale mail        ||    23
Dodge: Dodged            ||    19
Block: Shield            ||    23
